 Dungeon Crawl Stone Soup version 0.26.0-3-g156281e41b (webtiles) character file.

Game seed: 873890510248275118

555 Destapler the Chopper (level 7, 0/63 HPs)
             Began as a Hill Orc Berserker on Jan 9, 2021.
             Was a Priest of Trog.
             Slain by a sky beast (5 damage)
             ... on level 5 of the Dungeon.
             The game lasted 00:09:01 (4941 turns).

Destapler the Chopper (Hill Orc Berserker)          Turns: 4941, Time: 00:09:02

Health: 0/63       AC:  7    Str: 22    XL:     7   Next: 30%
Magic:  7/7        EV: 11    Int:  7    God:    Trog [***...]
Gold:   103        SH:  0    Dex: 10    Spells: 6/6 levels left

rFire    + . .     SeeInvis .   a - +0 hand axe
rCold    + . .     Faith    .   (no shield)
rNeg     . . .     Spirit   .   f - +0 ring mail
rPois    .         Reflect  .   n - +0 helmet
rElec    .         Harm     .   e - scarf {rC+ rF+}
rCorr    .         Rampage  .   (no gloves)
Will     ++...                  (no boots)
Stlth    ..........             (no amulet)
HPRegen  1.20/turn              (no ring)
MPRegen  0.10/turn              (no ring)

@: regenerating
A: no striking features
a: Renounce Religion, Berserk, Trog's Hand


You were on level 5 of the Dungeon.
You worshipped Trog.
Trog was most pleased with you.
You visited 1 branch of the dungeon, and saw 5 of its levels.

You collected 168 gold pieces.
You spent 65 gold pieces at shops.

Inventory:

Hand Weapons
 a - a +0 hand axe (weapon)
 b - a +1 dagger of electrocution
Armour
 e - a scarf of resistance (worn)
 f - a +0 ring mail (worn)
 n - a +0 helmet (worn)
Wands
 h - a wand of iceblast (7)
 p - a wand of flame (6)
 t - a wand of random effects (11)
Scrolls
 c - a scroll of random uselessness {unknown}
 d - 5 scrolls of remove curse
 g - 3 scrolls of identify
 i - a scroll of amnesia {unknown}
 l - a scroll of blinking {unknown}
 q - a scroll of fear {unknown}
 s - 2 scrolls of fog {unknown}
Potions
 j - a potion of haste {unknown}
 k - a potion of brilliance {unknown}
 m - a potion of magic {unknown}
 o - 2 potions of flight
 r - 2 potions of heal wounds {unknown}


   Skills:
 + Level 6.1 Fighting
 + Level 6.8 Axes
 + Level 5.0 Armour
 - Level 2.2 Dodging


You had 6 spell levels left.
You didn't know any spells.
Your spell library was empty.

Dungeon Overview and Level Annotations

Branches:
Dungeon (5/15)
 Temple: D:4-7

Altars:
The Shining One

Shops:
D:4 ?

Annotations:
D:5 1 runed translucent door, Delamore's ghost, novice GrFi


Message History

The sky beast is severely wounded.
The sky beast hits you but does no damage.
You miss the sky beast.
The sky beast is severely wounded.
The sky beast misses you.
You hit the sky beast but do no damage.
The sky beast is severely wounded.
The sky beast hits you.
* * * LOW HITPOINT WARNING * * *
The sky beast shocks you.
* * * LOW HITPOINT WARNING * * *
You hit the sky beast.
The sky beast is almost dead.
The sky beast closely misses you.
You barely miss the sky beast.
The sky beast is almost dead.
The sky beast hits you.
* * * LOW HITPOINT WARNING * * *
The sky beast shocks you.
You die...

#........
##!......#####†.#####.
......#.........#
#....##.####...#
##.#.#######...#
####.....>........#
.....#...######.#.#
###......### #.#.#
......Y@...####.#.#
###..?†..#......#.#
#.......#######
#.#.##..# ..... #..#
###.## #..# #. #..# .
....


You could see a sky beast.

Vanquished Creatures
  3 scorpions (D:5)
  2 hounds (D:4)
  Jessica (D:2)
  An orc wizard (D:3)
  Ijyb (D:3)
  Natasha (thrice) (D:3)
  A worker ant (D:4)
  Robin (D:3)
  6 adders
  An ooze (D:1)
  3 worms
  3 dart slugs
  3 leopard geckos
  9 orcs
  7 bats
  3 giant cockroaches
  15 goblins
  12 hobgoblins
  4 quokkas (D:2)
  3 frilled lizards
  6 kobolds
  9 rats
97 creatures vanquished.

Notes
Turn   | Place    | Note
-------+----------+-------------------------------------------
     0 | D:1      | Destapler the Hill Orc Berserker began the quest for the
                  | Orb.
     0 | D:1      | Reached XP level 1. HP: 19/19 MP: 1/1
   193 | D:1      | Reached XP level 2. HP: 26/27 MP: 2/2
   475 | D:1      | Reached XP level 3. HP: 30/33 MP: 3/3
   478 | D:1      | Reached ** piety under Trog
  1275 | D:2      | Noticed Jessica
  1296 | D:2      | Killed Jessica
  1297 | D:2      | Reached XP level 4. HP: 41/41 MP: 4/4
  1824 | D:2      | Reached skill level 5 in Axes
  2292 | D:3      | Noticed Natasha
  2306 | D:3      | Killed Natasha
  2307 | D:3      | Reached XP level 5. HP: 30/47 MP: 5/5
  2697 | D:3      | Noticed Natasha
  2713 | D:3      | Killed Natasha
  2714 | D:3      | Reached skill level 5 in Fighting
  2864 | D:3      | Noticed Robin
  2896 | D:3      | Killed Robin
  3133 | D:3      | Reached XP level 6. HP: 47/56 MP: 6/6
  3248 | D:3      | Reached *** piety under Trog
  3273 | D:3      | Noticed Natasha
  3281 | D:3      | Killed Natasha
  3356 | D:3      | Noticed Ijyb
  3370 | D:3      | Killed Ijyb
  4035 | D:4      | Found a glowing golden altar of the Shining One.
  4335 | D:4      | Found Safur's Magic Scroll Emporium.
  4340 | D:4      | Bought a scroll of identify for 26 gold pieces
  4340 | D:4      | Bought a scroll of remove curse for 39 gold pieces
  4642 | D:5      | Entered Level 5 of the Dungeon
  4649 | D:5      | Found a runed translucent door.
  4651 | D:5      | Noticed Delamore's ghost (novice GrFi)
  4664 | D:5      | Reached XP level 7. HP: 62/62 MP: 7/7
  4929 | D:5      | Reached skill level 5 in Armour
  4941 | D:5      | Slain by a sky beast

Illustrated notes

Levels and vault maps discovered:
D:1:      erik_arrival_orb_chamber, layout_basic
D:2:      layout_basic, uniq_jessica
D:3:      layout_loops_ring, uniq_natasha, uniq_ijyb, uniq_robin
D:4:      cheibrodos_helix_gallery, layout_basic, serial_shops,
          kennysheep_little_box, minivault_11, hangedman_feature_mirror,
          tso_metal_star
D:5:      layout_loops_ring, minmay_temple_entry_mini_moons, serial_shops, shop,
          shop, shop, ebering_ghost_sewer_d, hangedman_decor_riveting,
          minmay_misc_feat_rows

Skill      XL: |  1  2  3  4  5  6  7 |
---------------+----------------------+-----
Fighting       | 4 5 6 |  6.1
Dodging        | 2 |  2.2
Armour         | 3 4 5 |  5.0
Axes           | 5 6 |  6.8

Action                   |  1- 3 |  4- 6 |  7- 9 || total
-------------------------+-------+-------+-------++-------
Melee: Hand axe          |    64 |   202 |    52 ||   318
       Dagger            |    32 |    43 |       ||    75
Invok: Berserk           |     2 |     3 |       ||     5
       Trog's Hand       |     1 |       |     1 ||     2
Evoke: Wand              |       |     3 |       ||     3
  Use: Scroll            |       |     2 |       ||     2
Armor: Animal skin       |    15 |       |       ||    15
       Ring mail         |    13 |    88 |    28 ||   129
Dodge: Dodged            |    76 |   120 |    30 ||   226
